 Dungeon Crawl Stone Soup version 0.23.2 (webtiles) character file.

Game seed: 209585112225512068

41 Peloso the Covered (level 3, -7/33 HPs)
             Began as a Minotaur Fighter on Apr 5, 2019.
             Killed by divine providence
             ... invoked by an orc priest
              (13 damage)
             ... on level 2 of the Dungeon.
             The game lasted 00:01:52 (1405 turns).

Peloso the Covered (Minotaur Fighter)               Turns: 1405, Time: 00:01:54

Health: -7/33      AC:  9    Str: 20    XL:     3   Next: 32%
Magic:  2/2        EV:  5    Int:  5    God:
Gold:   87         SH:  0    Dex: 10    Spells: 2/2 levels left

rFire    . . .     SeeInvis .   a - +0 long sword
rCold    . . .     Gourm    .   c - +0 shield
rNeg     . . .     Faith    .   g - +0 chain mail
rPois    .         Spirit   .   (helmet restricted)
rElec    .         Reflect  .   (no cloak)
rCorr    .         Harm     .   (no gloves)
MR       .....                  (no boots)
Stlth    ..........             (no amulet)
HPRegen  0.11/turn              (no ring)
MPRegen  0.08/turn              (no ring)

@: confused
A: retaliatory headbutt, horns 2
a: no special abilities


You were on level 2 of the Dungeon.
You were not hungry.

You visited 1 branch of the dungeon, and saw 2 of its levels.

You collected 87 gold pieces.

Inventory:

Hand Weapons
 a - a +0 long sword (weapon)
Armour
 b - a +0 scale mail
 c - a +0 shield (worn)
 g - a +0 chain mail (worn)
Scrolls
 i - 4 scrolls of remove curse {unknown}
 j - 2 scrolls of blinking {unknown}
 k - 2 scrolls of teleportation {unknown}
 l - a scroll of fear {unknown}
 m - a scroll of amnesia {unknown}
Potions
 d - a potion of might
 e - a potion of ambrosia {unknown}
 h - a potion of cancellation {unknown}
Comestibles
 f - 3 rations
 n - 3 chunks of flesh


   Skills:
 + Level 4.1 Fighting
 + Level 2.7 Long Blades
 + Level 4.3 Armour
 + Level 4.2 Shields


You had 2 spell levels left.
You didn't know any spells.
Your spell library was empty.

Dungeon Overview and Level Annotations

Branches:
Dungeon (2/15)

Altars:
Ru


Innate Abilities, Weirdness & Mutations

You reflexively headbutt those who attack you in melee.
You have a pair of horns on your head.


Message History

The orc wizard flickers and vanishes!
Deactivating autopickup; reactivate with Ctrl-A.
The orc throws a stone.
The stone hits you but does no damage.
You feel less confused.
You see here a stone.
The orc throws a stone.
The stone hits you but does no damage.
You see here a stone.
You hear some strange, mumbled words.
You are confused.
You're too confused to move!
The orc priest calls down the wrath of Beogh upon you.
Beogh smites you!
* * * LOW HITPOINT WARNING * * *
You hear some strange, mumbled words.
A puff of flame appears from out of thin air!
The puff of flame hits you.
* * * LOW HITPOINT WARNING * * *
The orc priest mumbles some strange prayers to Beogh against you.
Beogh smites you!
You die...

#............
##.......#...
#.........# #
#.........# .
#####...(.....## .#
#...#..o.......... ..
#...#.or($....##.. .
#...##.{g....#.... .
#...##@.....##.##. ##
#................. ..
#...#####.....##.. #
#...# #.##..##.†##
#...# ..........# #...#
#..###.###.##
#...#####.####.# #..#
####...........####.###
##.............###...#


You could see an orc priest, an orc, a hobgoblin and a rat.

Vanquished Creatures
  An adder (D:2)
  A worm (D:2)
  2 leopard geckos
  A bat (D:2)
  A giant cockroach (D:2)
  6 goblins
  2 hobgoblins (D:1)
  3 jackals (D:2)
  A frilled lizard (D:1)
  3 kobolds (D:2)
  3 rats
24 creatures vanquished.

Notes
Turn   | Place    | Note
-------+----------+-------------------------------------------
     0 | D:1      | Peloso the Minotaur Fighter began the quest for the Orb.
     0 | D:1      | Reached XP level 1. HP: 19/19 MP: 0/0
   838 | D:2      | Reached XP level 2. HP: 27/27 MP: 1/1
   880 | D:2      | Found a sacrificial altar of Ru.
   995 | D:2      | Reached XP level 3. HP: 8/33 MP: 2/2
  1229 | D:2      | Found a faded altar of an unknown god.
  1405 | D:2      | Killed from afar by an orc priest

Skill      XL: |  1  2 |
---------------+-------+-----
Armour         | 4 |  4.3
Fighting       | 4 |  4.1
Shields        | 4 |  4.2
Long Blades    | |  2.7

Action                   || total
-------------------------++-------
Melee: Long sword        ||    66
       Headbutt          ||    12
  Eat: Chunk             ||     2
Armor: Chain mail        ||    40
       Scale mail        ||     2
Dodge: Dodged            ||    16
Block: Shield            ||    34
       Rpst.: Long sword ||     1
